 Dungeon Crawl Stone Soup version 0.28-a0-1241-gf280a0fbb2 (webtiles) character file.

Game seed: 7140009843397844338

71 ChaosChampion the Insei (level 4, 0/36 HPs)
             Began as a Draconian Transmuter on Dec 26, 2021.
             Slain by Sigmund (9 damage)
             ... on level 2 of the Dungeon.
             The game lasted 00:01:46 (1816 turns).

ChaosChampion the Insei (Draconian Transmuter)      Turns: 1816, Time: 00:01:47

Health: 0/36       AC:  5    Str: 12    XL:     4   Next: 5%
Magic:  3/7        EV: 12    Int: 15    God:
Gold:   86         SH:  0    Dex: 12    Spells: 1/7 levels left

rFire   . . .      SeeInvis .     - Unarmed
rCold   . . .      Faith    .   (no shield)
rNeg    . . .      Spirit   .   (armour unavailable)
rPois   .          Reflect  .   (helmet restricted)
rElec   .          Harm     .   (no cloak)
rCorr   .          Rampage  .   (no gloves)
Will    .....                   (no boots)
Stlth   +.........              (no amulet)
HPRegen 0.12/turn               (no ring)
MPRegen 0.10/turn               (no ring)

@: wereblooded
A: AC +5, unfitting armour, cold-blooded
a: no special abilities


You were on level 2 of the Dungeon.
You visited 1 branch of the dungeon, and saw 2 of its levels.

You collected 86 gold pieces.

Inventory:

Jewellery
 f - a +4 ring of evasion
Scrolls
 a - a scroll of fear {unknown}
 c - a scroll of blinking {unknown}
 e - a scroll of enchant weapon {unknown}
 g - 2 scrolls of teleportation {unknown}
Potions
 d - a potion of flight {unknown}


   Skills:
 + Level 2.1 Fighting
 + Level 2.3 Dodging
 * Level 3.9 Unarmed Combat
 - Level 2.0 Spellcasting
 + Level 2.6 Transmutations


You had one spell level left.
You knew the following spells:

 Your Spells              Type           Power      Damage    Failure   Level
a - Beastly Appendage     Tmut           18%        N/A       8%          1
b - Wereblood             Tmut           9%         N/A       12%         2
c - Spider Form           Tmut/Pois      5%         N/A       36%         3

Your spell library contained the following spells:

 Spells                   Type           Power      Damage    Failure   Level
 Ice Form                 Ice/Tmut       5%         N/A       78%         4


Dungeon Overview and Level Annotations

Branches:
Dungeon (2/15)

Altars:

Annotations:
D:2 Sigmund


Innate Abilities, Weirdness & Mutations

Your plain brown scales are hard. (AC +5)
You cannot fit into any form of body armour.
You are cold-blooded and may be slowed by cold attacks.


Message History

The giant cockroach closely misses you.
You have reached level 4!
You feel agile.
You closely miss the giant cockroach. You tail-slap the giant cockroach.
The giant cockroach is heavily wounded.
You feel sick.
A goblin comes into view. It is wielding a +0 club.
The giant cockroach closely misses you. Something hits you.
You are lethally poisoned!
You are too injured to fight recklessly!
You are too injured to fight recklessly!
You are too injured to fight recklessly!
You feel very sick.
You are too injured to fight recklessly!
You completely miss the kobold. You tail-slap the kobold.
You feel a bit better.
You kill the kobold!
You howl as the wereblood boils in your veins!
You feel very sick.
You punch the giant cockroach!
You feel a bit better.
You kill the giant cockroach!
You howl as the wereblood boils in your veins!
You feel very sick.
You closely miss the quokka.
You feel sick. The quokka closely misses you. Something hits you.
* * * LOW HITPOINT WARNING * * *
You are more poisoned.
You completely miss the quokka.
* * * LOW HITPOINT WARNING * * *
You feel very sick. The quokka barely misses you. Something barely misses you.
It was a potion of curing.
You feel better. The quokka closely misses you. x2
You closely miss the quokka. Something hits you.
* * * LOW HITPOINT WARNING * * *
The quokka bites you but does no damage.
You punch the quokka!
You feel a bit better.
You kill the quokka!
You howl as the wereblood boils in your veins!
Something hits you!
You die...

#.##.###..............
#..............###.###
##.............# #.#
#.............# #.#
#........(...## #.#
##########
#...(........# #.#
.........#
##.....####### #.#
.........# #..#### #.#
.........# #..@)w##
#.# .........#
#.>##.g# †........#
#####.[....#
.........# .w.###...
.........# .#.## .
.......<.# #.#$.
.........# # ##.
########## . $#


You could see a dart slug and a goblin.

Vanquished Creatures
  An adder (D:2)
  A worm (D:2)
  3 dart slugs (D:1)
  6 ball pythons
  5 endoplasms
  4 giant cockroaches
  7 goblins
  2 hobgoblins (D:2)
  A jackal (D:2)
  4 quokkas
  6 bats
  2 kobolds
  6 rats
48 creatures vanquished.

Vanquished Creatures (others)
  A plant (D:1)
1 creature vanquished.

Grand Total: 49 creatures vanquished

Notes
Turn   | Place    | Note
-------+----------+-------------------------------------------
     0 | D:1      | ChaosChampion the Draconian Transmuter began the quest for
                  | the Orb.
     0 | D:1      | Reached XP level 1. HP: 16/16 MP: 3/3
   168 | D:1      | Reached XP level 2. HP: 22/23 MP: 3/5
   420 | D:1      | Learned a level 2 spell: Wereblood
   880 | D:1      | Reached XP level 3. HP: 24/29 MP: 6/6
   884 | D:1      | Learned a level 3 spell: Spider Form
  1800 | D:2      | Noticed Sigmund
  1807 | D:2      | Reached XP level 4. HP: 21/36 MP: 2/7
  1816 | D:2      | Slain by Sigmund

Illustrated notes

Levels and vault maps discovered:
D:1:      dpeg_arrival_more_subterranean_lakeside_camping, layout_loops_ring,
          serial_bayou, serial_bayou_lagoon_a, serial_bayou_pond_e,
          serial_bayou_shore_a, serial_bayou_pond_b, dk_noncrumbling_2
D:2:      layout_basic, minmay_pentomino_s4, uniq_sigmund

Skill      XL: |  1  2  3 |
---------------+----------+-----
Dodging        | 2 |  2.3
Fighting       | 2 |  2.1
Unarmed Combat | |  3.9
Spellcasting   | |  2.0
Transmutations | |  2.6

Action                   |  1- 3 |  4- 6 || total
-------------------------+-------+-------++-------
Melee: Unarmed           |   107 |     7 ||   114
       Tailslap          |     7 |     2 ||     9
       Kick              |    11 |       ||    11
       Headbutt          |     9 |       ||     9
 Cast: Beastly Appendage |    13 |       ||    13
       Wereblood         |     7 |       ||     7
       Spider Form       |     1 |       ||     1
  Use: Potion            |       |     1 ||     1
 Stab: Sleeping          |     3 |       ||     3
Armor: Skin              |    29 |     1 ||    30
Dodge: Dodged            |    71 |     6 ||    77

Table legend: (Time is in decaauts)
 A = Elapsed time spent in this place.
 B = Non-inter-level travel time spent in this place.
 C = Inter-level travel time spent in this place.
 D = Time resting spent in this place.
 E = Time spent auto-exploring this place.
 F = Levels seen in this place.
 G = Mean time per level.
                   A        B        C        D        E       F      G
               +--------+--------+--------+--------+--------+-----+--------+
         Total |   1831 |   1803 |     28 |      0 |   1544 |   2 |  915.5 |
       Dungeon |   1831 |   1803 |     28 |      0 |   1544 |   2 |  915.5 |
               +--------+--------+--------+--------+--------+-----+--------+

Top non-repeatable levels by time:
     D:1: 1240 daAuts
     D:2: 591 daAuts
